 Dungeon Sprint DCSS version 0.29.1-1-gd02db6906a (webtiles) character file.

Game seed: 6721588544337252417

466 Groucho the Fighter (level 7, -12/69 HPs)
             Began as a Ghoul Gladiator on Oct 3, 2022.
             Was an Initiate of Makhleb.
             Mangled by a shadow (27 damage)
             ... in the Dungeon (Sprint IX: "|||||||||||||||||||||||||||||").
             The game lasted 00:03:26 (603 turns).

Groucho the Fighter (Ghoul Gladiator)                Turns: 603, Time: 00:03:27

Health: -12/69     AC:  9    Str: 26    XL:     7   Next: 8%
Magic:  6/6        EV: 13    Int:  3    God:    Makhleb [......]
Gold:   0          SH:  0    Dex: 10    Spells: 6/6 levels left

rFire   . . .      SeeInvis .   p - +3 war axe (vorpal)
rCold   + . .      Faith    .   (no shield)
rNeg    + + +      Spirit   .   o - +2 ring mail
rPois   ∞          Reflect  .   c - +0 helmet
rElec   .          Harm     .   (no cloak)
rCorr   .          Rampage  .   (no gloves)
Will    .....      NoTele   +   (no boots)
Stlth   ..........              (no amulet)
HPRegen 0.00/turn               m - +3 ring of strength
MPRegen 0.10/turn               n - +3 ring of strength

@: inhibited regen, invisible (expiring)
A: claws 1, cold resistance 1, negative energy resistance 3, inhibited
regeneration, torment resistance 2, devour on kill
a: Renounce Religion


You were in the Dungeon.
You worshipped Makhleb.
Makhleb was noncommittal.
You visited 1 branch

Inventory:

Hand Weapons
 b - a +2 dire flail of protection
 p - a +3 vorpal war axe (weapon)
Missiles
 d - 3 throwing nets (quivered)
 e - a javelin
Armour
 c - a +0 helmet (worn)
 o - a +2 ring mail (worn)
Jewellery
 m - a +3 ring of strength (left claw)
 n - a +3 ring of strength (right claw)
Wands
 l - a wand of roots (10)
Scrolls
 j - 2 scrolls of blinking
 k - 2 scrolls of amnesia
Potions
 f - 5 potions of curing
 i - 4 potions of magic


   Skills:
 + Level 8.3 Fighting
 + Level 7.2 Axes
 - Level 1.7 Throwing
 + Level 6.5 Armour
 + Level 7.2 Dodging


You had 6 spell levels left.
You didn't know any spells.
Your spell library was empty.

Dungeon Overview and Level Annotations

Branches:
Dungeon (1/1)

Altars:
Cheibriados
Dithmenos
Fedhas
Gozag
Hepliaklqana
Kikubaaqudgha
Makhleb
Nemelex Xobeh
Okawaru
Qazlal
Ru
Sif Muna
Trog
Uskayaw
Vehumet
Wu Jian
Xom
Yredelemnul
Jiyva
Lugonu


Innate Abilities, Weirdness & Mutations

You are immune to poison.
You have sharp fingernails.
Your flesh is cold resistant. (rC+)
You are immune to negative energy. (rN+++)
You do not regenerate when monsters are visible.
You are immune to unholy pain and torment.
You thrive by killing the living.


Message History

You slash the gargoyle! Your claw misses the gargoyle.
The gargoyle is heavily damaged.
The gargoyle closely misses you.
You barely miss the gargoyle.
The gargoyle is heavily damaged.
The gargoyle hurls a stone arrow at you.
The stone arrow hits you!
* * * LOW HITPOINT WARNING * * *
You hit the gargoyle.
The gargoyle is heavily damaged.
The gargoyle hurls a stone arrow at you.
The stone arrow misses you.
The gargoyle hurls a stone arrow at you.
The stone arrow misses you.
You catch the helpless gargoyle completely off-guard!
You slash the gargoyle!
You destroy the gargoyle!
Makhleb accepts your kill.
Your Fighting skill gained 2 levels and is now at level 8!
Your Axes skill gained 2 levels and is now at level 7!
Your Armour skill gained 2 levels and is now at level 6!
Your Dodging skill gained 2 levels and is now at level 7!
You have reached level 6!
You have reached level 7!
You feel much better.
The shadow strikes at you from the darkness!
* * * LOW HITPOINT WARNING * * *
Reactivating autopickup.
You slash the shadow! Your claw misses the shadow.
The shadow is moderately damaged.
The shadow barely misses you.
You slash the shadow!
The shadow is almost destroyed.
The shadow slips into darkness.
The shadow flickers and vanishes!
Deactivating autopickup; reactivate with Ctrl-A.
You hit something but do no damage.
You flicker for a moment.
The shadow strikes at you from the darkness!
You die... ▓▓▓▓▓▓▓▓▓▓▓▓▓▓▓▓▓▓▓▓▓▓▓▓ +.OYlV{@...[[.)..'______ ▓▓▓▓▓▓▓▓▓▓▓▓▓▓▓▓▓▓▓▓▓▓▓▓

You could see a two-headed ogre (unable to see you), a yak (unable to see you), a vampire and a wyvern (unable to see you).

Vanquished Creatures
  A gargoyle (D)
  A scorpion (D)
  3 hounds (D)
  An iguana (D)
  A goblin (D)
  A hobgoblin (D)
  A quokka (D)
  A frilled lizard (D)
  A rat (D)
11 creatures vanquished.

Notes
Turn   | Place    | Note
-------+----------+-------------------------------------------
     0 | D        | Groucho the Ghoul Gladiator began the quest for the Orb.
     0 | D        | Reached XP level 1. HP: 17/17 MP: 0/0
    10 | D        | Reached skill level 1 in Armour
    20 | D        | Noticed a hound
    20 | D        | Noticed a hound
    20 | D        | Noticed an iguana
    20 | D        | Noticed a scorpion
    20 | D        | Noticed a hound
    25 | D        | Killed a hound
    26 | D        | Reached skill level 4 in Fighting
    26 | D        | Reached XP level 2. HP: 27/27 MP: 1/1
    26 | D        | Reached XP level 3. HP: 33/33 MP: 2/2
    29 | D        | Killed a scorpion
    30 | D        | Reached skill level 5 in Fighting
    30 | D        | Reached XP level 4. HP: 38/42 MP: 3/3
    39 | D        | Reached skill level 5 in Axes
    39 | D        | Reached skill level 5 in Dodging
    39 | D        | Reached XP level 5. HP: 29/49 MP: 4/4
    44 | D        | Reached skill level 6 in Fighting
   518 | D        | Found a snail-covered altar of Cheibriados.
   518 | D        | Found a shadowy altar of Dithmenos.
   518 | D        | Found a blossoming altar of Fedhas.
   518 | D        | Found an opulent altar of Gozag.
   519 | D        | Found a hazy altar of Hepliaklqana.
   520 | D        | Found a viscous altar of Jiyva.
   521 | D        | Found an ancient bone altar of Kikubaaqudgha.
   522 | D        | Found a corrupted altar of Lugonu.
   523 | D        | Found a burning altar of Makhleb.
   524 | D        | Found a sparkling altar of Nemelex Xobeh.
   525 | D        | Found an iron altar of Okawaru.
   526 | D        | Found a stormy altar of Qazlal.
   527 | D        | Found a sacrificial altar of Ru.
   528 | D        | Found a shimmering blue altar of Sif Muna.
   529 | D        | Found a bloodstained altar of Trog.
   530 | D        | Found a hide-covered altar of Uskayaw.
   531 | D        | Became a worshipper of Makhleb the Destroyer
   532 | D        | Found a radiant altar of Vehumet.
   533 | D        | Found an ornate altar of the Wu Jian Council.
   534 | D        | Found a shimmering altar of Xom.
   535 | D        | Found a basalt altar of Yredelemnul.
   592 | D        | Noticed a two-headed ogre
   592 | D        | Noticed a yak
   592 | D        | Noticed a wyvern
   592 | D        | Noticed a vampire
   592 | D        | Noticed a shadow
   592 | D        | Noticed a gargoyle
   599 | D        | Killed a gargoyle
   600 | D        | Reached skill level 8 in Fighting
   600 | D        | Reached XP level 6. HP: 17/62 MP: 5/5
   600 | D        | Reached XP level 7. HP: 19/69 MP: 6/6
   603 | D        | Mangled by a shadow

Illustrated notes

Levels and vault maps discovered:
D:        linesprint [early_d, line_temple, items_1, d_10, items_2, lair_1,
          lair_end, items_3, orc_1, orc_end, items_4, d_15, swamp_1, shoals_1,
          snake_1, spider_1, d_20, vaults_1, items_5, swamp_end, shoals_end,
          snake_end, spider_end, vaults_end, d_27, items_6, zot_1, zot_end,
          crypt_end, forest_end, elf_end, slime_end, tomb_end, abyss_end,
          pan_hell_end]

Skill      XL: |  1  2  3  4  5 |
---------------+----------------+-----
Axes           | 3 4 5 7 |  7.2
Armour         | 2 3 4 6 |  6.5
Dodging        | 3 4 5 7 |  7.2
Fighting       | 4 5 8 |  8.3
Throwing       | |  1.7

Action                   |  1- 3 |  4- 6 |  7- 9 || total
-------------------------+-------+-------+-------++-------
Melee: War axe           |    17 |    26 |     3 ||    46
  Use: Potion            |     2 |     2 |     1 ||     5
 Stab: Invisible         |       |     1 |       ||     1
Armor: Leather armour    |     5 |     4 |       ||     9
Dodge: Dodged            |     5 |    15 |     1 ||    21
